[Event "ICC tourney 2246 (120 10)"]
[Site "Internet Chess Club"]
[Date "2020.12.29"]
[Round "7"]
[White "aang07"]
[Black "lucasnc"]
[Result "0-1"]
[ICCResult "White checkmated"]
[WhiteElo "1130"]
[BlackElo "877"]
[Opening "Queen's pawn, Mason variation"]
[ECO "D00"]
[NIC "QP.08"]
[Time "12:01:46"]
[PlyCount "128"]
[TimeControl "7200+10"]

1. d4 d5 2. Bf4 Nc6 3. Nf3 Bg4 4. Nbd2 Nf6 5. e3 a6 6. Be2 e6 7. c3 Bd6 8.
Ne5 Bf5 9. O-O O-O 10. Ndf3 Be4 11. h3 Nd7 12. Nxc6 bxc6 13. Bxd6 cxd6 14.
Bd3 e5 15. dxe5 Nxe5 16. Nxe5 dxe5 17. Bxe4 dxe4 18. Qxd8 Rfxd8 19. Rfd1
Rd5 20. Rxd5 cxd5 21. Rd1 Rd8 22. c4 d4 23. exd4 exd4 24. Kf1 d3 25. b3 Kf8
26. Ke1 Ke7 27. Kd2 Kd6 28. Ke3 Ke5 29. f4+ Kf5 30. g4+ Ke6 31. Kxe4 d2 32.
Ke3 f6 33. Rxd2 Rc8 34. Rd5 h6 35. f5+ Kf7 36. Rd7+ Ke8 37. Rd6 a5 38. Rd5
Ra8 39. h4 a4 40. g5 axb3 41. gxf6 bxa2 42. fxg7 Kf7 43. Rd1 a1=Q 44. Rxa1
Rxa1 45. f6 Rf1 46. g8=Q+ Kxg8 47. f7+ Kxf7 48. Ke4 Kg6 49. c5 Kf7 50. Kd5
Ke7 51. c6 Kd8 52. Kd6 Rf6+ 53. Kd5 Kc7 54. Ke5 Rf1 55. Ke6 Kxc6 56. Ke5
Rd1 57. Kf5 Rg1 58. Kf6 Kd5 59. Kf5 Kd4 60. h5 Kd3 61. Kf6 Ke4 62. Kf7 Kf5
63. Kf8 Ke6 64. Ke8 Rg8# { White checkmated } 0-1

[Event "ICC tourney 2246 (120 10)"]
[Site "Internet Chess Club"]
[Date "2020.12.29"]
[Round "7"]
[White "thanhcaptures"]
[Black "standingwriter"]
[Result "0-1"]
[ICCResult "White checkmated"]
[WhiteElo "1197"]
[BlackElo "1050"]
[Opening "Petrov's defense"]
[ECO "C42"]
[NIC "RG.03"]
[Time "12:01:30"]
[PlyCount "112"]
[TimeControl "7200+10"]

1. e4 e5 2. Nf3 Nf6 3. Nxe5 Nc6 4. Nxc6 dxc6 5. Nc3 Bc5 6. Be2 Qd4 7. O-O
O-O 8. Bf3 Re8 9. d3 Qe5 10. Na4 Bd6 11. g3 Bh3 12. Bg2 Bg4 13. Qd2 Qh5 14.
Qg5 Re5 15. Qxh5 Rxh5 16. f3 Be6 17. f4 b5 18. Nc3 Bc5+ 19. Kh1 Ng4 20. h3
Nf2+ 21. Kh2 Nxh3 22. g4 Bxg4 23. Kg3 Bd7 24. f5 Bf2+ 25. Rxf2 Nxf2 26.
Kxf2 g6 27. Bf3 Rh2+ 28. Bg2 Rh5 29. Kg3 gxf5 30. Bf3 f4+ 31. Kxf4 Rc5 32.
d4 Rc4 33. Ke3 c5 34. d5 Re8 35. Bd2 c6 36. b3 Rd4 37. Ne2 Rxd5 38. Rg1+
Kf8 39. Nf4 Rd6 40. Ke2 Bf5 41. Nh5 Bxe4 42. Bxe4 Rxe4+ 43. Kf3 Rh4 44. Bf4
Rg6 45. Ng3 Rhg4 46. Rd1 Ke7 47. Bd6+ Ke8 48. Nf5 Rg1 49. Rd2 Rf1+ 50. Ke4
Re6+ 51. Be5 Re1+ 52. Kf4 R6xe5 53. Nd6+ Kf8 54. Nf5 R1e4+ 55. Kg5 h6+ 56.
Kf6 Re6# { White checkmated } 0-1

[Event "ICC tourney 2246 (120 10)"]
[Site "Internet Chess Club"]
[Date "2020.12.29"]
[Round "7"]
[White "Aakash28"]
[Black "aWildNateDawg"]
[Result "1-0"]
[ICCResult "Black resigns"]
[WhiteElo "1067"]
[BlackElo "1109"]
[Opening "Benko's opening"]
[ECO "A00"]
[NIC "VO.09"]
[Time "12:02:04"]
[PlyCount "61"]
[TimeControl "7200+10"]

1. g3 e5 2. Bg2 Nc6 3. c4 Bc5 4. e3 Nf6 5. Nc3 O-O 6. Nge2 Bb6 7. O-O d6 8.
d4 exd4 9. exd4 Bf5 10. Be3 Re8 11. a3 a6 12. c5 dxc5 13. dxc5 Ba7 14. b4
Qc8 15. Re1 Ne5 16. Nd4 c6 17. Bg5 Bg6 18. Bxf6 gxf6 19. Ne4 Bxe4 20. Rxe4
Ng6 21. Qh5 Re5 22. Rxe5 fxe5 23. Nf5 Bb8 24. Qxg6+ hxg6 25. Ne7+ Kf8 26.
Nxc8 Bc7 27. Nd6 Bxd6 28. cxd6 Ke8 29. Bh3 f5 30. g4 Rd8 31. Rd1 { Black
resigns } 1-0

[Event "ICC tourney 2246 (120 10)"]
[Site "Internet Chess Club"]
[Date "2020.12.29"]
[Round "7"]
[White "Pip04"]
[Black "king235"]
[Result "0-1"]
[ICCResult "White checkmated"]
[WhiteElo "1259"]
[BlackElo "969"]
[Opening "Queen's pawn, Mason variation"]
[ECO "D00"]
[NIC "QP.08"]
[Time "12:01:24"]
[PlyCount "64"]
[TimeControl "7200+10"]

1. d4 d5 2. Bf4 Nf6 3. e3 Bg4 4. f3 Bf5 5. Bd3 Bxd3 6. Qxd3 Nc6 7. a3 e6 8.
Nc3 Bd6 9. Bg3 Bxg3+ 10. hxg3 Qd6 11. Nge2 e5 12. e4 a6 13. exd5 Nxd5 14.
Rxh7 O-O-O 15. O-O-O exd4 16. Qf5+ Kb8 17. Rxh8 Rxh8 18. Nxd5 Re8 19. Nxd4
Re5 20. Nxc6+ bxc6 21. Qxf7 Rxd5 22. Rxd5 cxd5 23. Qxg7 Qe6 24. Kd2 Qb6 25.
Ke1 Qe3+ 26. Kd1 Qg1+ 27. Kd2 Qxg2+ 28. Kc3 Qxf3+ 29. Kd2 Qf2+ 30. Kc3 Qe3+
31. Kb4 Qe4+ 32. Kb3 Qc4# { White checkmated } 0-1

[Event "ICC tourney 2246 (120 10)"]
[Site "Internet Chess Club"]
[Date "2020.12.29"]
[Round "7"]
[White "baldwinsthename"]
[Black "BArkadia"]
[Result "0-1"]
[ICCResult "White checkmated"]
[WhiteElo "1215"]
[BlackElo "1043"]
[Opening "Old Indian defense"]
[ECO "E70"]
[NIC "KI.31"]
[Time "12:01:38"]
[PlyCount "134"]
[TimeControl "7200+10"]

1. d4 Nf6 2. c4 d6 3. Nc3 g6 4. e4 Bg7 5. Be3 O-O 6. Qd2 Nbd7 7. h4 h5 8.
Be2 e5 9. d5 Nc5 10. Bxc5 dxc5 11. Qg5 Kh7 12. Qxe5 Re8 13. Qg5 Bh6 14. Qg3
Nxe4 15. Nxe4 Rxe4 16. Qf3 Rf4 17. Qc3 Rxh4 18. Rxh4 Qxh4 19. Nf3 Qh1+ 20.
Bf1 Bf5 21. Qe5 Bd3 22. Nd2 Bxf1 23. Nxf1 Qxg2 24. Rd1 Bg7 25. Qe7 Kg8 26.
Ne3 Qf3 27. Qxc7 Bxb2 28. d6 Bc3+ 29. Kf1 Be5 30. Qe7 Bf6 31. Qc7 Qc6 32.
Nd5 Bh4 33. Rd3 Kg7 34. Rh3 Bd8 35. Qxc6 bxc6 36. Nc3 f5 37. d7 Bf6 38. Na4
Bd4 39. Rd3 Rd8 40. Ke2 Rxd7 41. Nxc5 Re7+ 42. Kf3 Bxc5 43. a4 a5 44. Kg3
Kf6 45. Rd8 Bb4 46. Rd4 Re4 47. Rxe4 fxe4 48. Kf4 h4 49. Kxe4 Kg5 50. Kf3
Kf5 51. Kg2 g5 52. Kh3 Kf4 53. Kg2 g4 54. c5 g3 55. Kh1 gxf2 56. Kg2 Bxc5
57. Kf1 h3 58. Ke2 h2 59. Kd3 h1=Q 60. Kc4 f1=Q+ 61. Kxc5 Qd5+ 62. Kb6 Qb1+
63. Kc7 Qf7+ 64. Kd6 Qb4+ 65. Kxc6 Qfc4+ 66. Kd7 Qd5+ 67. Kc7 Qbb7# { White
checkmated } 0-1

[Event "ICC tourney 2246 (120 10)"]
[Site "Internet Chess Club"]
[Date "2020.12.29"]
[Round "7"]
[White "SMILERG"]
[Black "gauravgupta"]
[Result "1/2-1/2"]
[ICCResult "Game drawn by mutual agreement"]
[WhiteElo "1247"]
[BlackElo "1164"]
[Opening "Queen's pawn game"]
[ECO "D02"]
[NIC "QP.08"]
[Time "12:01:20"]
[PlyCount "123"]
[TimeControl "7200+10"]

1. d4 d5 2. Nf3 Bf5 3. Bf4 e6 4. e3 Nf6 5. Bd3 Bxd3 6. Qxd3 Nbd7 7. Nbd2 c5
8. c3 c4 9. Qc2 b5 10. O-O Be7 11. e4 dxe4 12. Nxe4 O-O 13. Rfe1 Nd5 14.
Bg3 h6 15. Ne5 Bf6 16. Nxd7 Qxd7 17. Rad1 Rad8 18. Nxf6+ Nxf6 19. Re3 Nh5
20. Be5 f6 21. Rh3 Qf7 22. Bg3 Nxg3 23. Rxg3 f5 24. Re1 g5 25. h4 g4 26.
Qe2 Rde8 27. f4 Qe7 28. h5 Qh4 29. Kf2 a6 30. Qe5 Qe7 31. d5 Qc5+ 32. Rge3
exd5 33. b4 cxb3 34. Qd4 Qxd4 35. cxd4 Rxe3 36. Rxe3 bxa2 37. Ra3 Ra8 38.
Rxa2 a5 39. Ke3 b4 40. Kd2 a4 41. Kc1 a3 42. Kc2 Rb8 43. Kb3 Kf7 44. g3 Ke7
45. Re2+ Kd6 46. Rc2 Rb6 47. Ra2 Rc6 48. Kxb4 Rc4+ 49. Kb5 Rxd4 50. Rxa3
Re4 51. Ra6+ Ke7 52. Rxh6 Re3 53. Rh7+ Kf8 54. h6 Rxg3 55. Kc5 Rf3 56. Kxd5
Rxf4 57. Ke6 Kg8 58. Rg7+ Kh8 59. Kf7 Ra4 60. Kg6 Ra6+ 61. Kxf5 Rxh6 62.
Rxg4 { Game drawn by mutual agreement } 1/2-1/2

[Event "ICC tourney 2246 (120 10)"]
[Site "Internet Chess Club"]
[Date "2020.12.29"]
[Round "7"]
[White "potatos22"]
[Black "cfetteroll"]
[Result "1-0"]
[ICCResult "Black checkmated"]
[WhiteElo "1088"]
[BlackElo "1275"]
[Opening "Ruy Lopez: old Steinitz defense"]
[ECO "C62"]
[NIC "RL.02"]
[Time "12:01:35"]
[PlyCount "137"]
[TimeControl "7200+10"]

1. e4 e5 2. Nf3 d6 3. Bb5+ Nc6 4. O-O Bd7 5. c3 Be7 6. d4 exd4 7. cxd4 a6
8. Ba4 Nf6 9. Nc3 O-O 10. h3 b5 11. Bb3 Na5 12. Bc2 c5 13. dxc5 dxc5 14.
Qd3 Be6 15. Qxd8 Rfxd8 16. Bg5 h6 17. Bh4 g5 18. Bg3 Nc4 19. b3 Nd2 20.
Nxd2 Rxd2 21. Rac1 Rad8 22. Bc7 R8d7 23. Ba5 R2d4 24. Ne2 Rxe4 25. Bxe4
Nxe4 26. Rfd1 Rxd1+ 27. Rxd1 c4 28. bxc4 Bxc4 29. Nc1 Bc5 30. Rd8+ Kh7 31.
Nd3 Bxd3 32. Rxd3 Bxf2+ 33. Kf1 Nc5 34. Rf3 Bd4 35. Rxf7+ Kg6 36. Rc7 h5
37. Bb4 Nd3 38. Ba5 b4 39. Rd7 b3 40. axb3 Nc5 41. Rxd4 Nxb3 42. Rd6+ Kf5
43. Rxa6 Nd4 44. Bc3 Nc2 45. Ra5+ Kg6 46. Bd2 g4 47. hxg4 hxg4 48. Rg5+ Kf6
49. Rxg4 Kf5 50. Rc4 Na3 51. g4+ Kg6 52. Rc6+ Kf7 53. g5 Nb5 54. g6+ Kg7
55. Bc3+ Nxc3 56. Rxc3 Kxg6 57. Rf3 Kg5 58. Ke2 Kg4 59. Ke3 Kg5 60. Rf1 Kg4
61. Ke4 Kg5 62. Rf2 Kg6 63. Ke5 Kg5 64. Rg2+ Kh4 65. Kf4 Kh3 66. Rg8 Kh2
67. Kf3 Kh1 68. Kf2 Kh2 69. Rh8# { Black checkmated } 1-0

[Event "ICC tourney 2246 (120 10)"]
[Site "Internet Chess Club"]
[Date "2020.12.29"]
[Round "7"]
[White "nb12"]
[Black "falcon2020"]
[Result "1-0"]
[ICCResult "Black checkmated"]
[WhiteElo "1176"]
[BlackElo "1213"]
[Opening "Petrov's defense"]
[ECO "C42"]
[NIC "RG.03"]
[Time "12:01:54"]
[PlyCount "171"]
[TimeControl "7200+10"]

1. e4 e5 2. Nf3 Nf6 3. Nxe5 d6 4. Nf3 Nxe4 5. Bc4 d5 6. Bb3 Bc5 7. O-O O-O
8. d3 Nf6 9. Bg5 Nc6 10. Nc3 Be6 11. Qd2 Bb4 12. a3 Ba5 13. d4 Ne4 14. Bxd8
Nxd2 15. Nxd2 Raxd8 16. Nf3 Bb6 17. Rad1 Na5 18. Ba2 Nc4 19. Bxc4 dxc4 20.
Na4 Bf5 21. Rd2 Ba5 22. Nc3 b5 23. Ne5 b4 24. axb4 Bxb4 25. Nc6 Bxc3 26.
bxc3 Rd6 27. Ne5 c5 28. Nxc4 Rc6 29. Ne3 Be6 30. d5 Rd6 31. c4 Bc8 32. Ra1
Ra6 33. Rdd1 f5 34. Rxa6 Bxa6 35. Ra1 Rf6 36. f4 Kf7 37. Ra5 Ke7 38. Rxc5
Kd6 39. Rc6+ Kd7 40. Rxf6 gxf6 41. c5 Kc7 42. Kf2 Bb5 43. Ke1 a5 44. c4 Ba4
45. Kd2 Bb3 46. Kc3 a4 47. Nxf5 Bd1 48. Kb4 Bc2 49. Nd4 Bd3 50. d6+ Kd7 51.
Kxa4 Bxc4 52. Kb4 Bd5 53. g4 Bg2 54. g5 fxg5 55. fxg5 Be4 56. Kc4 Bb1 57.
h4 Be4 58. Ne2 Bg6 59. Nf4 Bf7+ 60. Kd4 Kc6 61. h5 Kd7 62. g6 hxg6 63. Nxg6
Bg8 64. h6 Ke6 65. Nf8+ Kf7 66. h7 Bxh7 67. Nxh7 Ke8 68. c6 Kd8 69. Kd5 Kc8
70. Ke6 Kd8 71. c7+ Kc8 72. Ke7 Kb7 73. d7 Kxc7 74. d8=Q+ Kc6 75. Qd6+ Kb5
76. Qc7 Kb4 77. Qc6 Kb3 78. Qc5 Kb2 79. Qc4 Kb1 80. Qc3 Ka2 81. Qb4 Ka1 82.
Kd6 Ka2 83. Kc5 Ka1 84. Kc4 Ka2 85. Kc3 Ka1 86. Qb2# { Black checkmated }
1-0

[Event "ICC tourney 2246 (120 10)"]
[Site "Internet Chess Club"]
[Date "2020.12.29"]
[Round "7"]
[White "saahilkajarekar"]
[Black "boxingguy2469x"]
[Result "0-1"]
[ICCResult "White checkmated"]
[WhiteElo "910"]
[BlackElo "1048"]
[Opening "Queen's pawn game"]
[ECO "E20"]
[NIC "QP.07"]
[Time "12:01:51"]
[PlyCount "100"]
[TimeControl "7200+10"]

1. d4 Nf6 2. c4 e6 3. Nc3 b6 4. Bf4 Bb4 5. Nf3 Bb7 6. a3 Bxc3+ 7. bxc3 O-O
8. Bg5 d6 9. e3 Nbd7 10. Bd3 e5 11. e4 Re8 12. Qc2 a5 13. O-O c6 14. d5 Rc8
15. Rfd1 Qc7 16. Rac1 cxd5 17. cxd5 Qc5 18. Be3 Qxa3 19. Nd2 a4 20. Nb1 Qb3
21. Qxb3 axb3 22. Na3 Nc5 23. Nb5 Nxd3 24. Rxd3 Ra8 25. Nxd6 b2 26. h3
bxc1=Q+ 27. Bxc1 Reb8 28. Bg5 h6 29. Bxf6 gxf6 30. Rg3+ Kf8 31. Nf5 h5 32.
d6 Bxe4 33. Nh6 Bh7 34. h4 Rd8 35. Rd3 Kg7 36. Rg3+ Kxh6 37. c4 Rxd6 38. f3
Rc6 39. Kf2 Rxc4 40. Ke3 Ra3+ 41. Kf2 Rc2+ 42. Kg1 Ra1+ 43. Kh2 b5 44. f4
exf4 45. Rf3 Rc4 46. Rb3 Rcc1 47. g3 Rh1+ 48. Kg2 Be4+ 49. Kf2 Ra2+ 50. Rb2
Rxb2# { White checkmated } 0-1

[Event "ICC tourney 2246 (120 10)"]
[Site "Internet Chess Club"]
[Date "2020.12.29"]
[Round "7"]
[White "citation"]
[Black "SreeVSundaram"]
[Result "1-0"]
[ICCResult "Black resigns"]
[WhiteElo "892"]
[BlackElo "914"]
[Opening "Sicilian defense"]
[ECO "B44"]
[NIC "SI.39"]
[Time "12:01:45"]
[PlyCount "85"]
[TimeControl "7200+10"]

1. e4 c5 2. Nf3 e6 3. d4 cxd4 4. Nxd4 Nc6 5. Be3 Nf6 6. Nc3 Bb4 7. Qd3 O-O
8. f3 d5 9. O-O-O Bd7 10. Bg5 Ne5 11. Qe3 Bxc3 12. Qxc3 Rc8 13. Qe3 h6 14.
Bxh6 gxh6 15. Qxh6 Ng6 16. Bd3 Qb6 17. Nf5 exf5 18. exf5 Ne5 19. f4 Neg4
20. Qg5+ Kh8 21. Rdf1 Qe3+ 22. Kb1 Qd2 23. h3 Nf2 24. Qxf6+ Kg8 25. Qg5+
Kh8 26. Qh4+ Kg8 27. Rxf2 Qxf2 28. Qxf2 f6 29. Re1 Kf7 30. g4 Rce8 31. Rxe8
Rxe8 32. a3 b6 33. Qd4 Bc6 34. h4 Re1+ 35. Ka2 Rh1 36. h5 Rh3 37. c4 dxc4
38. Qxc4+ Kg7 39. Bb1 Be8 40. Qc7+ Bf7+ 41. Ka1 Rh1 42. Qxa7 b5 43. Qb7 {
Black resigns } 1-0

[Event "ICC tourney 2246 (120 10)"]
[Site "Internet Chess Club"]
[Date "2020.12.29"]
[Round "7"]
[White "bryantan2010"]
[Black "raadix028"]
[Result "1/2-1/2"]
[ICCResult "Game drawn by mutual agreement"]
[WhiteElo "1157"]
[BlackElo "819"]
[Opening "French: Winawer (Nimzovich) variation"]
[ECO "C15"]
[NIC "FR.08"]
[Time "12:01:34"]
[PlyCount "72"]
[TimeControl "7200+10"]

1. e4 e6 2. d4 d5 3. Nc3 Bb4 4. Bd3 Ne7 5. Bd2 c5 6. dxc5 Bxc5 7. Nf3 Nbc6
8. O-O Bd7 9. Bf4 a6 10. Re1 d4 11. Ne2 Qb6 12. Qc1 O-O-O 13. a3 Ng6 14.
Bg3 f6 15. b4 Be7 16. c3 dxc3 17. Qxc3 e5 18. Nc1 Kb8 19. Nb3 Rc8 20. Qd2
h5 21. h4 Be6 22. Rab1 Rhd8 23. Qe3 Qxe3 24. Rxe3 Nf4 25. Bf1 g5 26. hxg5
fxg5 27. Bxf4 gxf4 28. Rc3 h4 29. Nc5 Bg4 30. Nh2 Bh5 31. f3 Rg8 32. Kf2
Ka7 33. Bc4 Rg3 34. Bd5 Nd4 35. Rbc1 Bxc5 36. Rxc5 Rxc5 { Game drawn by
mutual agreement } 1/2-1/2

[Event "ICC tourney 2246 (120 10)"]
[Site "Internet Chess Club"]
[Date "2020.12.29"]
[Round "7"]
[White "EChessPlayer"]
[Black "jayburd56"]
[Result "0-1"]
[ICCResult "White checkmated"]
[WhiteElo "1063"]
[BlackElo "1298"]
[Opening "Caro-Kann: classical, 6.h4"]
[ECO "B18"]
[NIC "CK.11"]
[Time "12:01:36"]
[PlyCount "116"]
[TimeControl "7200+10"]

1. e4 c6 2. d4 d5 3. Nc3 dxe4 4. Nxe4 Bf5 5. Ng3 Bg6 6. h4 h6 7. h5 Bh7 8.
Nf3 Nf6 9. Bc4 e6 10. O-O Bd6 11. Re1 O-O 12. Ne2 Nbd7 13. Bf4 Nb6 14. Bxd6
Qxd6 15. Bb3 Nxh5 16. c4 Qc7 17. d5 cxd5 18. cxd5 Nxd5 19. Bxd5 Rfd8 20.
Nc3 Nf4 21. Rc1 Qa5 22. Rc2 Bxc2 23. Qxc2 Nxd5 24. Rd1 Nxc3 25. Rxd8+ Rxd8
26. bxc3 Qd5 27. Qb2 Rc8 28. Qb4 b6 29. Qa4 Qa5 30. Qd7 Rf8 31. Qe7 Rc8 32.
a3 Qxc3 33. Qxa7 Qc6 34. Ne5 Qc1+ 35. Kh2 Qc7 36. Qxc7 Rxc7 37. Kg3 f6 38.
Ng6 Rc3+ 39. Kg4 Rxa3 40. f4 b5 41. Nh4 b4 42. Nf3 Rxf3 43. Kxf3 b3 44. f5
b2 45. fxe6 b1=Q 46. e7 Qb7+ 47. Kf4 Qxe7 48. g4 Qe5+ 49. Kf3 g5 50. Kf2
Qf4+ 51. Ke2 Qxg4+ 52. Ke3 Qf4+ 53. Kd3 h5 54. Ke2 h4 55. Kd3 h3 56. Ke2 h2
57. Kd3 h1=Q 58. Ke2 Qhf1# { White checkmated } 0-1

[Event "ICC tourney 2246 (120 10)"]
[Site "Internet Chess Club"]
[Date "2020.12.29"]
[Round "7"]
[White "auggie29"]
[Black "Chai2006"]
[Result "1/2-1/2"]
[ICCResult "Game drawn by repetition"]
[WhiteElo "1095"]
[BlackElo "1159"]
[Opening "Queen's pawn: London system"]
[ECO "A45"]
[NIC "QP.07"]
[Time "12:01:22"]
[PlyCount "103"]
[TimeControl "7200+10"]

1. d4 Nf6 2. Bf4 d6 3. Nf3 Nbd7 4. e3 g6 5. c4 c5 6. Nc3 Bg7 7. Bd3 O-O 8.
d5 Qb6 9. Qd2 Ng4 10. O-O Nde5 11. Be2 Qb4 12. Nxe5 Nxe5 13. Bxe5 Bxe5 14.
Rac1 Bd7 15. f4 Bg7 16. b3 a5 17. Rc2 Bxc3 18. Qxc3 Qxc3 19. Rxc3 Rfb8 20.
a4 e6 21. e4 Re8 22. dxe6 Rxe6 23. Bg4 Re7 24. Bxd7 Rxd7 25. Re3 Re8 26.
Rfe1 Rde7 27. Kf2 Kg7 28. g4 Kf6 29. g5+ Kg7 30. e5 dxe5 31. Rxe5 Rxe5 32.
Rxe5 Rxe5 33. fxe5 h6 34. h4 hxg5 35. hxg5 Kf8 36. Ke3 Ke7 37. Ke4 Ke6 38.
Kf4 Ke7 39. Ke4 Ke6 40. Kf4 b6 41. Ke4 Ke7 42. Kd5 Kd7 43. Ke4 Ke6 44. Kf4
Ke7 45. Ke4 Ke6 46. Kf4 Ke7 47. Ke4 Ke6 48. Kf4 Ke7 49. Ke4 Ke6 50. Kf4 Ke7
51. Ke4 Ke6 52. Kf4 { Game drawn by repetition } 1/2-1/2

[Event "ICC tourney 2246 (120 10)"]
[Site "Internet Chess Club"]
[Date "2020.12.29"]
[Round "8"]
[White "thomasguchess"]
[Black "nikhilramkumar"]
[Result "1-0"]
[ICCResult "Black resigns"]
[WhiteElo "631"]
[BlackElo "830"]
[Opening "Ruy Lopez: old Steinitz defense"]
[ECO "C62"]
[NIC "RL.02"]
[Time "17:16:20"]
[PlyCount "49"]
[TimeControl "7200+10"]

1. e4 e5 2. Nf3 Nc6 3. Bb5 d6 4. O-O Bd7 5. Re1 Be7 6. c3 Nf6 7. d4 exd4 8.
cxd4 O-O 9. d5 Ne5 10. Bxd7 Qxd7 11. Bf4 Nxf3+ 12. Qxf3 Rfe8 13. Nd2 Bd8
14. Nf1 c6 15. Ng3 cxd5 16. exd5 Rxe1+ 17. Rxe1 Bb6 18. Bd2 Ng4 19. Be3
Bxe3 20. fxe3 Ne5 21. Qh5 Nd3 22. Rf1 Nxb2 23. Qg5 Nd3 24. Nh5 g6 25. Nf6+
{ Black resigns } 1-0

[Event "ICC tourney 2246 (120 10)"]
[Site "Internet Chess Club"]
[Date "2020.12.29"]
[Round "8"]
[White "jhong3"]
[Black "kushagra12"]
[Result "0-1"]
[ICCResult "White checkmated"]
[WhiteElo "934"]
[BlackElo "1108"]
[Opening "Sicilian: Taimanov variation"]
[ECO "B45"]
[NIC "SI.31"]
[Time "17:16:35"]
[PlyCount "90"]
[TimeControl "7200+10"]

1. e4 c5 2. Nf3 Nc6 3. Nc3 e6 4. d4 cxd4 5. Nxd4 Nf6 6. Nxc6 bxc6 7. Bd3 d5
8. exd5 exd5 9. O-O Be7 10. Qe2 O-O 11. Re1 Re8 12. Bg5 Bg4 13. f3 Bc5+ 14.
Be3 Rxe3 15. Qxe3 Bxe3+ 16. Rxe3 Be6 17. Rae1 d4 18. R3e2 dxc3 19. bxc3 Nd5
20. Rd2 Nxc3 21. Bxh7+ Kxh7 22. Rxd8 Rxd8 23. a3 Rd1 24. Rxd1 Nxd1 25. Kf1
Ne3+ 26. Kf2 Nxc2 27. h4 Nxa3 28. g4 c5 29. h5 c4 30. Ke3 Nb5 31. Kd2 c3+
32. Kc2 a5 33. Kb1 a4 34. g5 a3 35. f4 a2+ 36. Kc2 a1=R 37. g6+ fxg6 38.
hxg6+ Kxg6 39. f5+ Bxf5+ 40. Kb3 c2 41. Kb2 c1=Q+ 42. Kb3 Qa3+ 43. Kc4 Rc1+
44. Kd5 Qd3+ 45. Ke5 Qe4# { White checkmated } 0-1

[Event "ICC tourney 2246 (120 10)"]
[Site "Internet Chess Club"]
[Date "2020.12.29"]
[Round "8"]
[White "Agabus"]
[Black "Deanmoon32"]
[Result "1-0"]
[ICCResult "Black checkmated"]
[WhiteElo "1145"]
[BlackElo "974"]
[Opening "Richter-Veresov attack, Veresov variation"]
[ECO "D01"]
[NIC "QP.08"]
[Time "17:17:14"]
[PlyCount "93"]
[TimeControl "7200+10"]

1. d4 d5 2. Nc3 Nf6 3. Bg5 Bf5 4. Bxf6 exf6 5. f3 Bb4 6. e4 dxe4 7. fxe4
Bxe4 8. Qg4 Qxd4 9. Ne2 Bxc3+ 10. bxc3 Qe5 11. Qc8+ Ke7 12. Qxh8 Bxc2 13.
Qxg7 Bd3 14. Qg3 Bc4 15. Kf2 Nc6 16. Nf4 Kf8 17. Re1 Qc5+ 18. Qe3 Qxe3+ 19.
Rxe3 Bxf1 20. Rxf1 Ne5 21. h3 Re8 22. Rfe1 Kg7 23. Nd3 Nxd3+ 24. Rxd3 Rxe1
25. Kxe1 f5 26. Rd7 Kg6 27. Rxc7 f4 28. Rxb7 f5 29. Rxa7 Kg5 30. Rxh7 Kg6
31. Rh8 Kg5 32. h4+ Kg4 33. h5 f3 34. Kf2 fxg2 35. a4 f4 36. Kxg2 f3+ 37.
Kf2 Kf4 38. a5 Ke4 39. Rd8 Kf4 40. h6 Kg5 41. h7 Kg4 42. h8=R Kf4 43. Rd7
Ke4 44. Re8+ Kf4 45. Rf7+ Kg4 46. Rg8+ Kh4 47. Rh7# { Black checkmated }
1-0

[Event "ICC tourney 2246 (120 10)"]
[Site "Internet Chess Club"]
[Date "2020.12.29"]
[Round "8"]
[White "jhong2"]
[Black "Aakash28"]
[Result "0-1"]
[ICCResult "White resigns"]
[WhiteElo "1256"]
[BlackElo "1067"]
[Opening "Réti opening"]
[ECO "A04"]
[NIC "QP.11"]
[Time "17:16:58"]
[PlyCount "64"]
[TimeControl "7200+10"]

1. Nf3 g6 2. d4 d5 3. g3 Bg7 4. Bg2 Nf6 5. O-O O-O 6. Bg5 Nbd7 7. Qd2 Ne4
8. Qc1 Nxg5 9. Qxg5 e5 10. dxe5 Nxe5 11. Qd2 Nxf3+ 12. exf3 Bxb2 13. Nc3
Bxa1 14. Rxa1 Re8 15. f4 c6 16. Qd3 Bf5 17. Qd1 Qf6 18. g4 Bxg4 19. Qxg4
Qxc3 20. Rc1 Qd2 21. Rf1 Re1 22. f5 Rae8 23. h4 Qxc2 24. fxg6 Qxg6 25. Qb4
R1e4 26. Qd2 Rxh4 27. f4 Qg3 28. Rf3 Re1+ 29. Rf1 Rxf1+ 30. Kxf1 Qxf4+ 31.
Qxf4 Rxf4+ 32. Ke2 Ra4 { White resigns } 0-1

[Event "ICC tourney 2246 (120 10)"]
[Site "Internet Chess Club"]
[Date "2020.12.29"]
[Round "8"]
[White "Shashank8"]
[Black "funchessethan"]
[Result "1/2-1/2"]
[ICCResult "Black stalemated"]
[WhiteElo "1188"]
[BlackElo "995"]
[Opening "Ruy Lopez: Graz variation"]
[ECO "C70"]
[NIC "RL.09"]
[Time "17:16:27"]
[PlyCount "187"]
[TimeControl "7200+10"]

1. e4 e5 2. Nf3 Nc6 3. Bb5 a6 4. Ba4 b5 5. Bb3 Bc5 6. O-O Nf6 7. d3 d6 8.
c3 Be6 9. Bxe6 fxe6 10. Bg5 O-O 11. Re1 Qd7 12. Be3 Ba7 13. Bxa7 Rxa7 14.
Nbd2 Raa8 15. Nf1 Rae8 16. Ng3 d5 17. exd5 exd5 18. Qd2 Qd6 19. Re2 e4 20.
dxe4 dxe4 21. Qxd6 cxd6 22. Nd2 d5 23. Rd1 Rd8 24. Nb3 Nb8 25. Nc5 Rc8 26.
Nb3 Nbd7 27. Nf5 Kh8 28. Ne3 Nb6 29. Nd4 Rfe8 30. Ndc2 Red8 31. Red2 Rc5
32. h3 h6 33. Kf1 Rc6 34. Nb4 Rcd6 35. Nf5 Nc4 36. Nxd6 Nxd2+ 37. Rxd2 Rxd6
38. Ke2 Kh7 39. Ke3 g6 40. Nc2 Nd7 41. Kf4 Rf6+ 42. Kg3 Nb6 43. Nb4 Rd6 44.
Kf4 Kg7 45. b3 Kf6 46. Nxa6 h5 47. Nc5 Nc8 48. Nb7 Rb6 49. Nc5 Rc6 50. Nd7+
Ke7 51. Ne5 Rf6+ 52. Ke3 Nb6 53. f3 Kd6 54. Kd4 Rf5 55. Nxg6 Rf6 56. Nh4
Rf4 57. g3 Rf6 58. fxe4 Re6 59. exd5 Nxd5 60. c4 bxc4 61. Kxc4 Re4+ 62. Kb5
Ke5 63. Ng6+ Ke6 64. Nf8+ Kd6 65. a4 Rb4+ 66. Ka5 Rxb3 67. g4 hxg4 68. hxg4
Kc6 69. Rc2+ Kd6 70. g5 Ke7 71. Rf2 Rg3 72. g6 Nf6 73. Nh7 Nxh7 74. gxh7
Rh3 75. Rc2 Kd8 76. Rd2+ Kc8 77. Rc2+ Kb8 78. Kb6 Rxh7 79. a5 Rb7+ 80. Ka6
Ra7+ 81. Kb5 Rb7+ 82. Ka4 Ka7 83. Rc6 Rb8 84. Rd6 Rb7 85. Re6 Rb8 86. Re7+
Rb7 87. Re6 Rb8 88. Re7+ Rb7 89. Rxb7+ Kxb7 90. Kb5 Ka7 91. a6 Ka8 92. Kb6
Kb8 93. a7+ Ka8 94. Ka6 { Black stalemated } 1/2-1/2

[Event "ICC tourney 2246 (120 10)"]
[Site "Internet Chess Club"]
[Date "2020.12.29"]
[Round "8"]
[White "Yadhunandan"]
[Black "chessadpa"]
[Result "0-1"]
[ICCResult "White checkmated"]
[WhiteElo "891"]
[BlackElo "1132"]
[Opening "QGD Slav: exchange variation, 6.Bf4 Bf5"]
[ECO "D14"]
[NIC "SL.03"]
[Time "17:17:14"]
[PlyCount "68"]
[TimeControl "7200+10"]

1. d4 d5 2. c4 c6 3. Nc3 Nf6 4. Nf3 Bf5 5. cxd5 cxd5 6. Bf4 Nc6 7. e3 Nb4
8. Rc1 Qa5 9. Qd2 a6 10. a3 Nc6 11. Be2 Qb6 12. O-O e6 13. Bd3 Bxd3 14.
Qxd3 Qxb2 15. Qb1 Bxa3 16. Qxb2 Bxb2 17. Rc2 Bxc3 18. Rxc3 Kd7 19. Rb3 b5
20. Rc1 Rhc8 21. Ne5+ Nxe5 22. Rxc8 Rxc8 23. g3 Nc4 24. Bg5 Ne4 25. Bf4 g5
26. Be5 Nxe5 27. dxe5 g4 28. Ra3 Nd2 29. Rxa6 Rc1+ 30. Kg2 Nf3 31. Ra7+ Kc6
32. Ra6+ Kb7 33. Rb6+ Kxb6 34. h3 Rg1# { White checkmated } 0-1

[Event "ICC tourney 2246 (120 10)"]
[Site "Internet Chess Club"]
[Date "2020.12.29"]
[Round "8"]
[White "king235"]
[Black "waterycargo"]
[Result "0-1"]
[ICCResult "White resigns"]
[WhiteElo "969"]
[BlackElo "1222"]
[Opening "French defense"]
[ECO "C00"]
[NIC "FR.01"]
[Time "17:17:14"]
[PlyCount "40"]
[TimeControl "7200+10"]

1. e4 e6 2. Nf3 d5 3. exd5 exd5 4. c3 Nf6 5. d4 c6 6. c4 Bf5 7. Qe2+ Be7 8.
Nc3 O-O 9. h4 Re8 10. Ne5 Nbd7 11. g4 Nxe5 12. dxe5 Nxg4 13. Bh3 Qd7 14.
Rg1 Nxe5 15. Kd2 Bg5+ 16. Kd1 Bxc1 17. Bxf5 Qxf5 18. Rxc1 Nf3 19. Rxg7+
Kxg7 20. Qf1 Re1+ { White resigns } 0-1